Map: 16-Bit LE

Players

PLaYoNe

  • Race: Terran Terran
  • League: Diamond
  • Spawn Location: 7:00

HellGhost - Winner!

  • Race: Terran Terran
  • League: Diamond
  • Spawn Location: 1:00

VOD

Have the link to the VOD?

Description

1-1-1 going to 3-1-1 and, when you create your third, you create the second factory and two starports to support your army with tanks, vikings and liberators.

Time

  • Played on: July 18, 2018, 8:40 p.m.
  • Length: 18:31
Show
View Real Time Build Order
Export as new Build Order

PLaYoNe Terran 

Build Orders: Cyclone Opening, MMM Bio 

Get SALT Encoding   

  12  0:01  SCV  
  13  0:13  SCV  
  14  0:17  Supply Depot  
  14  0:25  SCV  
  15  0:29  Refinery  
  15  0:39  SCV  
  16  0:46  Barracks  
  16  0:51  SCV  
  17  1:03  SCV  
  18  1:15  SCV  
  19  1:27  SCV  
  20  1:34  Reaper  
  21  1:40  Orbital Command  
  21  1:49  Command Center  
  21  2:01  Factory  
  21  2:07  Supply Depot  
  21  2:10  Barracks Reactor  
  21  2:15  SCV  
  22  2:20  Refinery  
  22  2:27  SCV  
  23  2:39  SCV  
  23  2:45  Cyclone  
  23  2:47  Barracks  
  23  2:48  Marine  
  27  2:51  SCV  
  27  2:54  Marine  
  29  3:01  Orbital Command  
  29  3:05  SCV  
  30  3:08  Marine  
  31  3:17  SCV  
  32  3:22  Cyclone, Marine  
  32  3:26  Marine  
  37  3:29  SCV x2  
  39  3:35  Barracks Tech Lab  
  39  3:38  Starport  
  39  3:41  SCV  
  39  3:42  SCV  
  39  3:45  Marine x2  
  43  3:51  Supply Depot  
  43  3:54  Refinery  
  43  3:55  SCV  
  44  3:56  SCV  
  45  4:03  Marine  
  45  4:09  Supply Depot  
  46  4:10  Factory Reactor  
  46  4:12  SCV, Marine  
  46  4:14  SCV  
  49  4:22  Marine  
  49  4:23  Engineering Bay  
  50  4:24  Starport Reactor, SCV  
  50  4:26  SCV  
  50  4:30  Marine, Barracks  
  53  4:35  Refinery  
  53  4:36  Marine  
  53  4:38  SCV  
  55  4:40  Marine  
  55  4:44  Supply Depot  
  56  4:45  SCV  
  56  4:49  Marine  
  58  4:52  Stimpack  
  58  4:54  Marine  
  58  4:55  SCV  
  58  4:58  SCV  
  58  4:59  Marine  
  62  5:05  Medivac x2  
  66  5:12  Missile Turret  
  66  5:14  Missile Turret, SCV  
  66  5:15  SCV  
  68  5:24  Marine x2  
  70  5:29  Supply Depot  
  70  5:31  SCV, Marine x3  
  70  5:34  SCV  
  75  5:41  Marine  
  76  5:43  SCV  
  77  5:51  Marauder  
  77  5:53  Terran Infantry Weapons Level 1, Supply Depot  
  77  5:55  SCV  
  77  5:56  Engineering Bay  
  80  5:59  Marine x2  
  82  6:05  Supply Depot  
  82  6:06  Supply Depot  
  82  6:07  SCV  
  82  6:08  Marine  
  84  6:12  Factory Tech Lab  
  84  6:19  Barracks  
  66  6:42  Marauder, Marine x2, Medivac x2  
  66  6:43  Siege Tank  
  66  6:46  Barracks  
  75  6:49  SCV  
  76  7:02  Terran Infantry Armor Level 1  
  76  7:03  Marauder, Supply Depot  
  76  7:04  Supply Depot  
  76  7:08  Marine x2  
  80  7:09  Barracks Tech Lab  
  80  7:11  Combat Shield  
  80  7:19  Marine x2  
  82  7:25  Marauder  
  82  7:27  Supply Depot x2  
  84  7:32  Marine  
  84  7:33  Marauder  
  84  7:34  Barracks Tech Lab  
  87  7:41  Marine x3  
  87  7:42  Supply Depot  
  90  7:46  Marauder  
  90  7:48  SCV  
  90  7:50  Supply Depot  
  93  7:52  Supply Depot  
  93  7:54  Marine  
  93  7:55  Marauder  
  90  8:07  Marauder  
  78  8:32  Marine x2  
  78  8:40  Marine  
  70  8:44  SCV  
  71  8:52  Command Center  
  71  8:55  Marine x3  
  72  8:56  SCV  
  75  9:05  Medivac x2  
  75  9:06  Concussive Shells  
  75  9:08  SCV  
  75  9:09  SCV  
  81  9:10  Siege Tank  
  81  9:15  Missile Turret  
  84  9:17  Marauder, Marine x3  
  84  9:18  Marauder  
  84  9:21  SCV  
  92  9:26  Armory  
  92  9:30  Marine  
  93  9:34  Marauder  
  93  9:35  Marine x2  
  93  9:37  SCV  
  98  9:39  Marauder  
  100  9:50  Marauder, Marine  
  100  9:51  Siege Tank  
  100  9:52  SCV  
  107  9:57  Marine  
  107  9:58  Marauder  
  110  10:08  Orbital Command  
  110  10:09  Supply Depot  
  110  10:24  Marauder x2, Marine x2  
  110  10:25  Siege Tank  
  119  10:31  Medivac x2  
  119  10:35  Factory  
  123  10:37  Refinery, SCV  
  123  10:38  Refinery  
  123  10:49  SCV  
  76  11:27  Marauder, Marine  
  76  11:28  Siege Tank, Factory Tech Lab  
  76  11:30  Supply Depot, Terran Vehicle Weapons Level 1  
  82  11:40  Marauder x2, Marine x3  
  82  11:44  SCV  
  82  11:45  Marine  
  91  11:49  Marauder  
  91  11:50  Siege Tank  
  96  11:56  SCV  
  96  11:58  Marine x3  
  100  12:01  Marauder  
  100  12:02  Marauder  
  100  12:03  Marine  
  100  12:08  SCV  
  106  12:10  Marauder  
  102  12:15  Marine  
  102  12:16  Marine x2  
  102  12:20  Marine  
  105  12:23  Marauder x2  
  105  12:25  Siege Tank  
  108  12:31  Marauder  
  108  12:33  Marine x2  
  108  12:34  Marine  
  113  12:38  Marine  
  111  12:44  Marauder x2  
  111  12:48  Command Center  
  111  12:49  SCV  
  116  12:51  Marine x2  
  116  12:53  Marauder  
  116  12:55  Missile Turret  
  120  13:01  Missile Turret, SCV  
  121  13:06  Marauder x2  
  125  13:13  SCV  
  125  13:14  Marauder  
  123  13:44  Marauder x2, Marine x3  
  123  13:45  Siege Tank x2  
  136  13:51  SCV  
  136  13:54  Marauder, Marine  
  136  13:55  Terran Infantry Armor Level 2, Terran Infantry Weapons Level 2  
  140  14:03  SCV  
  140  14:05  Marauder  
  143  14:17  Siege Tank x2  
  94  14:40  Viking x2  
  94  14:43  Marine x7  
  105  14:49  Siege Tank x2  
  111  14:53  SCV  
  111  14:58  Orbital Command  
  109  15:00  Marine  
  109  15:01  Marine x6  
  109  15:05  SCV  
  114  15:13  Viking  
  116  15:18  Marine  
  116  15:19  Missile Turret, Marine x5  
  122  15:28  SCV  
  123  15:31  Terran Vehicle Weapons Level 2  
  123  15:33  Starport  
  123  15:40  SCV  
  121  15:46  Viking x2  
  121  15:47  Siege Tank  
  128  15:55  Missile Turret  
  128  16:02  Missile Turret  
  128  16:04  Marine  
  128  16:06  Siege Tank  
  128  16:10  Marine x2  
  134  16:16  Medivac x2  
  138  16:19  Refinery  
  138  16:25  Supply Depot  
  138  16:34  SCV  
  138  16:37  Starport Tech Lab  
  139  16:41  Siege Tank x2  
  145  16:49  Marine x2  
  145  16:50  Marauder  
  149  17:04  Command Center  
  149  17:07  Marauder x2, Marine x2, Medivac  
  149  17:08  Viking  
  147  17:24  Marine  
  147  17:25  Viking  
  146  17:37  Viking x2  
  92  18:12  Marine x2  
  87  18:20  Command Center  
Show
View Real Time Build Order
Export as new Build Order

HellGhost Terran - Winner!

Build Orders: MMM Bio 

Get SALT Encoding   

  12  0:03  SCV  
  13  0:15  SCV  
  13  0:19  Supply Depot  
  14  0:27  SCV  
  15  0:40  SCV  
  15  0:41  Barracks  
  16  0:52  Refinery  
  16  0:53  SCV  
  17  1:05  SCV  
  18  1:11  Refinery  
  18  1:17  SCV  
  19  1:35  Command Center  
  20  1:40  Reaper  
  20  1:52  Orbital Command  
  20  2:06  Supply Depot  
  20  2:22  SCV, Factory  
  21  2:46  SCV  
  21  2:48  Barracks Tech Lab  
  22  2:52  Engineering Bay  
  22  2:54  Orbital Command  
  22  2:58  SCV  
  23  3:10  SCV  
  23  3:12  Starport  
  24  3:21  Siege Tank  
  24  3:24  Barracks Tech Lab  
  24  3:26  SCV  
  28  3:28  SCV  
  29  3:40  Missile Turret  
  29  3:43  Marine  
  29  3:48  Medivac  
  32  3:49  SCV  
  32  3:50  SCV  
  34  3:56  Siege Tank  
  34  4:01  Marine  
  37  4:06  SCV x2  
  39  4:15  Stimpack  
  39  4:20  Barracks  
  39  4:22  Terran Infantry Weapons Level 1, Barracks  
  39  4:25  Engineering Bay  
  39  4:36  Missile Turret  
  39  4:37  Missile Turret  
  39  4:39  Missile Turret  
  39  4:48  Marine  
  40  4:55  Medivac  
  40  4:58  Terran Infantry Armor Level 1  
  42  5:00  SCV x2  
  42  5:06  Marine  
  45  5:12  SCV, Barracks Reactor x2  
  46  5:33  Starport Reactor  
  46  5:41  Supply Depot  
  46  5:42  Supply Depot  
  46  5:50  Armory  
  46  5:58  Refinery  
  46  6:01  Refinery  
  46  6:03  Siege Tank, SCV x2, Marine x5  
  56  6:15  SCV x2  
  58  6:18  Missile Turret  
  58  6:19  Viking  
  58  6:20  Missile Turret x2, Viking  
  62  6:28  Marine x2  
  62  6:29  SCV, Marine  
  62  6:31  Marine  
  62  6:34  Marine  
  62  7:04  Supply Depot  
  62  7:05  Supply Depot  
  62  7:25  SCV, Marine x3, Medivac x2  
  62  7:26  Siege Tank, SCV, Marine x2  
  62  7:28  Command Center  
  62  7:29  Supply Depot  
  76  7:32  Terran Vehicle Weapons Level 1  
  76  7:33  Supply Depot, Terran Infantry Weapons Level 2  
  76  7:42  SCV x2  
  78  7:48  Terran Infantry Armor Level 2  
  78  7:50  Marine x4  
  82  7:54  SCV x2  
  77  8:13  Marine x3  
  77  8:14  Marine x2  
  69  8:52  SCV x2  
  69  9:04  SCV  
  70  9:12  Factory, Barracks, Command Center  
  70  9:13  Barracks  
  70  9:16  Marine  
  70  9:17  Marine x4  
  71  9:21  Orbital Command  
  75  9:25  SCV x2  
  75  9:26  Missile Turret  
  75  9:28  Siege Tank  
  75  9:30  Medivac  
  75  9:31  Medivac  
  85  9:38  SCV x2  
  85  9:45  Marine x4  
  88  9:46  Marine  
  88  9:47  Missile Turret  
  88  9:50  Terran Vehicle Weapons Level 2  
  91  9:53  Starport  
  91  9:55  Starport  
  91  10:01  Fusion Core  
  91  10:07  Missile Turret  
  81  10:22  Marine x5  
  81  10:23  Marine x2  
  88  10:31  Siege Tank, Factory Tech Lab  
  88  10:33  Starport Reactor, Starport Tech Lab  
  88  10:34  Viking x2  
  95  10:40  Orbital Command  
  92  10:54  Marine  
  92  10:55  Marine x3  
  92  10:56  Marine, Barracks Reactor x2  
  92  10:58  Combat Shield  
  74  11:12  Marine  
  73  11:29  Marine x3  
  73  11:30  Marine  
  73  11:32  Siege Tank x2  
  83  11:34  Viking x4  
  83  11:35  Viking  
  93  11:54  Marine  
  93  11:55  Marine x6  
  93  11:56  Marine  
  93  11:58  SCV x3  
  93  11:59  SCV  
  105  12:02  Refinery  
  105  12:03  Marine  
  105  12:04  Refinery, Siege Tank x2  
  111  12:29  SCV x4  
  115  12:55  Marine  
  116  13:02  Advanced Ballistics  
  116  13:08  Supply Depot  
  116  13:09  Supply Depot  
  116  13:10  Supply Depot  
  116  13:11  Supply Depot  
  116  13:12  Liberator x2  
  116  13:13  Liberator x2  
  116  13:20  Marine  
  116  13:21  Marine x3  
  116  13:22  Marine x4  
  116  13:29  Marine  
  116  13:30  Siege Tank  
  116  13:31  Siege Tank, Viking  
  137  13:37  Marine  
  137  13:39  Marine  
  137  13:41  Marine x5  
  133  13:42  Marine  
  113  14:40  Marine x3  
  113  14:41  Marine x6  
  122  14:58  Orbital Command  
  122  15:04  Marine x7  
  122  15:05  Marine x2  
  131  15:23  Command Center  
  131  15:25  Missile Turret  
  131  15:26  Missile Turret  
  131  15:32  SCV x4  
  135  15:44  SCV x3  
  135  15:46  Missile Turret  
  135  15:47  Missile Turret  
  138  16:02  Refinery  
  138  16:03  Supply Depot  
  138  16:04  Supply Depot  
  138  16:05  Supply Depot  
  138  16:07  Refinery  
  138  16:08  Supply Depot  
  138  16:12  Missile Turret  
  138  16:13  Siege Tank, Missile Turret  
  138  16:14  Siege Tank  
  144  16:30  Factory  
  144  16:32  Factory  
  144  16:33  Factory  
  144  16:42  Marine x2  
  144  16:43  Marine x6  
  144  16:44  Marine  
  144  16:45  Medivac x2  
  144  16:46  Viking x3  
  163  16:54  Siege Tank x2  
  163  16:58  Planetary Fortress  
  169  17:02  SCV x4  
Tags
 
Composition
MMM BioMMM Bio
Matchup
TvT
Race
Terran
Spawn Locations
Cross Positions
Add a new tag
Caveats
  • Supply blocks, unpowered buildings, or Contaminate may cause inaccurate times.
  • Supply counts are checked every 10 seconds.